 Dungeon Crawl Stone Soup version 0.31-a0-977-gc230f8ef24 (webtiles) character file.

Game seed: 6964095210273741589

149 Dordric the Slasher (level 5, -1/41 HPs)
             Began as a Barachi Monk on Oct 30, 2023.
             Killed by divine providence
             ... invoked by an orc priest
              (11 damage)
             ... on level 4 of the Dungeon.
             The game lasted 00:02:46 (2678 turns).

Dordric the Slasher (Barachi Monk)                  Turns: 2678, Time: 00:02:47

Health: -1/41      AC:  9    Str: 14    XL:     5   Next: 31%
Magic:  5/5        EV: 12    Int: 11    God:
Gold:   131        SH:  0    Dex: 16    Spells: 4/4 levels left

rFire   . . .        a - +0 falchion
rCold   . . .        d - orb {light}
rNeg    + . .        l - +0 leather armour of Qipiemyg {rN+ Str+2}
rPois   .            (no helmet)
rElec   .            o - +1 cloak
rCorr   .            (no gloves)
SInv    .            (no boots)
Will    .....        (no amulet)
Stlth   +            g - +4 ring of protection
HPRegen 0.26/turn    (no ring)
MPRegen 0.09/turn

%: no passive effects
@: glowing, slow
A: amphibious, slowness 1, strong legs 1, +LOS
a: Hop


You were on level 4 of the Dungeon.
You visited 1 branch of the dungeon, and saw 4 of its levels.

You collected 131 gold pieces.

Inventory:

Hand Weapons
 a - a +0 falchion (weapon)
Armour
 b - a +0 robe
 d - an orb of light (worn)
 i - a +0 leather armour
 l - the +0 leather armour of Qipiemyg (worn) {rN+ Str+2}
   (You found it on level 2 of the Dungeon)

   Str+2:     It affects your strength (+2).
   rN+:       It protects you from negative energy.
 o - a +1 cloak (worn)
 s - a +0 helmet
Jewellery
 g - a +4 ring of protection (left hand)
Scrolls
 f - a scroll of revelation {unknown}
 j - 2 scrolls of identify {unknown}
 k - 2 scrolls of vulnerability
 m - a scroll of noise {unknown}
 n - a scroll of enchant weapon {unknown}
 q - a scroll of fog {unknown}
Potions
 c - a potion of ambrosia
 e - a potion of magic {unknown}
 h - 4 potions of attraction {unknown}
 p - 2 potions of mutation {unknown}
 r - a potion of degeneration {unknown}


   Skills:
 - Level 3.6 Fighting
 + Level 7.0 Long Blades
 - Level 3.2 Dodging


You had 4 spell levels left.
You didn't know any spells.
Your spell library was empty.

Dungeon Overview and Level Annotations

Branches:
Dungeon (4/15)
 Temple: D:4-7

Altars:
Trog

Shops:
D:2 [

Annotations:
D:4 Menkaure


Innate Abilities, Weirdness & Mutations

You are amphibious.
You cover ground slowly.
You can hop short distances.
You have an extended range of vision and can be seen from far away.


Message History

The hobgoblin shouts!
You hear a shout!
The hobgoblin throws a stone.
The stone barely misses you.
You see here a +0 helmet.
An orc priest comes into view. It is wielding a +0 dagger.
The orc priest shouts!
You hear a shout!
Menkaure, Prince of Dust comes into view.
The hobgoblin hits you but does no damage.
Menkaure shouts!
You hit the hobgoblin.
The hobgoblin is severely wounded.
The hobgoblin closely misses you.
You hit the hobgoblin.
The hobgoblin is almost dead.
The hobgoblin hits you but does no damage.
You completely miss the hobgoblin.
The hobgoblin is almost dead.
The hobgoblin misses you.
An orc comes into view. It is wielding a +0 club.
You slash the hobgoblin!
You kill the hobgoblin!
An orc comes into view. It is wielding a +0 morningstar.
The orc shouts!
You hear a shout!
Menkaure calls on the powers of darkness!
The orc convulses!
The orc priest convulses!
Your body is wracked with pain!
The orc convulses!
The orc priest hits you but does no damage.
You see here 2 stones.
The orc priest attacks as it pursues you!
The orc priest misses you.
Menkaure calls on the powers of darkness!
The orc convulses! x2; The orc priest convulses!
Your body is wracked with pain!
You see here a +0 helmet.
s - a +0 helmet The orc priest closely misses you.
Menkaure calls on the powers of darkness!
The orc convulses! x2; The orc priest convulses!
Your body is wracked with pain!
* * * LOW HITPOINT WARNING * * *
The orc priest calls down the wrath of Beogh upon you.
Beogh smites you!
You die...

#.......# ######
#.......###########.....
#......>.....†....'.....
#.............#####.....
#.......#####.# #.....
#.............# #.....
#.......####### #.....
#######.# #..... #@#
###### #.# #o# #.# #o#
#.# #.#


oM. ..# You could see Menkaure, an orc priest and 2 orcs.

Vanquished Creatures
  6 adders
  A worm (D:2)
  2 dart slugs
  2 orcs
  7 ball pythons
  8 bats
  6 endoplasms
  9 giant cockroaches
  6 goblins
  8 hobgoblins
  3 jackals (D:1)
  4 quokkas
  3 frilled lizards (D:2)
  10 kobolds
  5 rats
80 creatures vanquished.

Notes
Turn   | Place    | Note
-------+----------+-------------------------------------------
     0 | D:1      | Dordric the Barachi Monk began the quest for the Orb.
     0 | D:1      | Reached XP level 1. HP: 18/18 MP: 1/1
    16 | D:1      | Reached skill level 4 in Long Blades
    56 | D:1      | Reached XP level 2. HP: 19/24 MP: 2/2
   439 | D:1      | Reached XP level 3. HP: 29/29 MP: 3/3
   442 | D:1      | Reached skill level 5 in Long Blades
   853 | D:2      | Identified the +0 leather armour of Qipiemyg {rN+ Str+2}
  1023 | D:2      | Reached XP level 4. HP: 36/36 MP: 4/4
  1247 | D:2      | Reached skill level 6 in Long Blades
  1300 | D:2      | Found Casu's Armour Shop.
  1504 | D:3      | Identified the "Xeuskur"
  2030 | D:3      | Found a faded altar of an unknown god.
  2084 | D:3      | Found a bloodstained altar of Trog.
  2196 | D:3      | Reached XP level 5. HP: 37/41 MP: 5/5
  2498 | D:4      | Reached skill level 7 in Long Blades
  2557 | D:4      | Identified the +5 spear of Mayhem {antimagic, rC+ Str+3
                  | Int+3 Stlth-}
  2668 | D:4      | Noticed Menkaure
  2678 | D:4      | Killed from afar by an orc priest

Illustrated notes

Levels and vault maps discovered:
D:1:      dpeg_arrival_renting, layout_basic, roderic_roman_lattice
D:2:      minmay_inner_zag, layout_rooms, serial_shops, nicolae_shop_scrapyard,
          lexackson_kobold_supper
D:3:      layout_loops_corners, trog_book, basic_ecumenical_altar
D:4:      layout_basic, minmay_temple_entry_sparse_star,
          corexii_leaking_fountain, kennysheep_generic_room_12, uniq_menkaure,
          uniq_blork_the_orc

Skill      XL: |  1  2  3  4  5 |
---------------+----------------+-----
Long Blades    | 4 5 6 7 |  7.0
Fighting       | |  3.6
Dodging        | |  3.2

Action                     |  1- 3 |  4- 6 || total
---------------------------+-------+-------++-------
  Melee: Falchion          |   102 |   116 ||   218
    Use: Scroll            |       |     1 ||     1
 Armour: Robe              |    13 |       ||    13
         Leather armour    |    32 |    59 ||    91
  Dodge: Dodged            |    98 |    63 ||   161

Table legend: (Time is in decaauts)
 A = Elapsed time spent in this place.
 B = Non-inter-level travel time spent in this place.
 C = Inter-level travel time spent in this place.
 D = Time resting spent in this place.
 E = Time spent auto-exploring this place.
 F = Levels seen in this place.
 G = Mean time per level.
                   A        B        C        D        E       F      G
               +--------+--------+--------+--------+--------+-----+--------+
         Total |   3119 |   2977 |    142 |     21 |   2423 |   4 |  779.8 |
       Dungeon |   3119 |   2977 |    142 |     21 |   2423 |   4 |  779.8 |
               +--------+--------+--------+--------+--------+-----+--------+

Top non-repeatable levels by time:
     D:3: 1084 daAuts
     D:1: 913 daAuts
     D:2: 864 daAuts
     D:4: 257 daAuts
